AoeStats
← alex

Arena

509404986Analyzed
1v1 RM · 6d ago on Sep 26, 2026· 21m 51s· 2 players
Game mode
Random Map
Map size
Tiny (2 player)
Population
200
Speed
Normal
Resources
Standard
Victory
Conquest
Starting age
Dark Age
Ending age
Imperial Age
RankedLock teamsTeams togetherTeam positionsShared explorationLock speedFull tech treeHidden civsTurbo modeCheats
Victory
Defeat
🇷🇺 Malay · Russia
1311
+14
🇩🇪 Mongols · Germany
1275
-14
Ryzeres
9:19 Feudal Age
9:26 Feudal Age
9:36 Feudal Age
12:37 Double-Bit Axe
17:10 Castle Age
14:56 Loom
15:23 Double-Bit Axe
15:25 Horse Collar
18:28 Bow Saw
18:20 Heavy Plow
20:11 Wheelbarrow
19:25 Town Watch
alex
11:12 Feudal Age
14:56 Castle Age
14:47 Double-Bit Axe
Connection lost

Rejoining the realm…

Still unreachable

The connection could not be restored.

Session expired

The server has moved on; the page needs a fresh start.